 Dungeon Sprint DCSS version 0.29-a0-813-g4a14ea37d6 (webtiles) character file.

Game seed: 11739731069668188287

409 manyhoops the Basher (level 6, -1/55 HPs)
             Began as a Gargoyle Berserker on July 4, 2022.
             Was a Priest of Trog.
             Slain by a necrophage (6 damage)
             ... in the Dungeon (Sprint II: "The Violet Keep of Menkaure").
             The game lasted 00:00:36 (155 turns).

manyhoops the Basher (Gargoyle Berserker)            Turns: 155, Time: 00:00:37

Health: -1/55      AC:  6    Str: 23    XL:     6   Next: 89%
Magic:  6/6        EV: 11    Int:  7    God:    Trog [***...]
Gold:   243        SH:  0    Dex:  9    Spells: 5/5 levels left

rFire   . . .      SeeInvis .   a - +0 mace
rCold   . . .      Faith    .   (no shield)
rNeg    + . .      Spirit   .   b - +0 animal skin
rPois   ∞          Reflect  .   (no helmet)
rElec   +          Harm     .   (no cloak)
rCorr   .          Rampage  .   (no gloves)
Will    .....      NoTele   +   (no boots)
Stlth   ..........              (no amulet)
HPRegen 0.18/turn               (no ring)
MPRegen 0.10/turn               (no ring)

@: berserking (expiring), very quick
A: sickness immunity, AC +4, negative energy resistance 1, electricity
resistance, torment resistance 1, petrification resistance
a: Renounce Religion, Berserk, Trog's Hand


You were in the Dungeon.
You worshipped Trog.
Trog was most pleased with you.
You visited 1 branch You collected 243 gold pieces.

Inventory:

Hand Weapons
 a - a +0 mace (weapon)
Armour
 b - a +0 animal skin (worn)
Scrolls
 h - a scroll of blinking
Potions
 c - a potion of curing
 e - a potion of haste
 f - 2 potions of magic


   Skills:
 - Level 3.2 Fighting
 + Level 14.3 Maces & Flails
 - Level 2.1 Armour
 - Level 1.5 Dodging


You had 5 spell levels left.
You didn't know any spells.
Your spell library was empty.

Dungeon Overview and Level Annotations

Branches:
Dungeon (1/1)

Altars:


Innate Abilities, Weirdness & Mutations

You are immune to sickness and miasma.
Your stone body is resilient. (AC +4)
You are immune to poison.
You resist negative energy. (rN+)
You are resistant to electric shocks. (rElec)
You are resistant to unholy torment.
You are immune to petrification.


Message History

The necrophage attacks as you move away!
The necrophage closely misses you.
A red film seems to cover your vision as you go berserk!
You feel yourself moving faster!
You feel mighty! The necrophage hits you.
* * * LOW HITPOINT WARNING * * *
You bludgeon the necrophage!!
The necrophage is severely damaged.
The necrophage hits you but does no damage.
You completely miss the necrophage.
The necrophage is severely damaged.
You sock the necrophage!
You destroy the necrophage!
Trog accepts your kill.
You sock the necrophage!
The necrophage is moderately damaged.
You sock the necrophage!
The necrophage is almost destroyed.
The necrophage hits you but does no damage.
You sock the necrophage!
You destroy the necrophage!
Trog accepts your kill.
Your Maces & Flails skill increases to level 14!
The necrophage hits you.
* * * LOW HITPOINT WARNING * * *
There is an open door here.
You see here a necrophage corpse.
You closely miss the necrophage. You closely miss the necrophage.
The necrophage misses you.
You hit the necrophage.
The necrophage is lightly damaged.
You sock the necrophage!
The necrophage is heavily damaged.
The necrophage hits you.
* * * LOW HITPOINT WARNING * * *
You sock the necrophage!
The necrophage is almost destroyed.
You barely miss the necrophage.
The necrophage is almost destroyed.
The necrophage hits you.
You die...

#+#
###.###
#..#..#
####.#.##
##.###'##
#...##.##
#n@.<.+
#...##.##
##.# #+#
##


You could see a necrophage.

Vanquished Creatures
  3 necrophages (D)
  4 scorpions (D)
7 creatures vanquished.

Notes
Turn   | Place    | Note
-------+----------+-------------------------------------------
     0 | D        | manyhoops the Gargoyle Berserker began the quest for the
                  | Orb.
     0 | D        | Reached XP level 1. HP: 14/14 MP: 1/1
     1 | D        | Noticed a scorpion
     1 | D        | Noticed a scorpion
     1 | D        | Noticed a scorpion
     1 | D        | Noticed a scorpion
     9 | D        | Killed a scorpion
    10 | D        | Reached skill level 8 in Maces & Flails
    10 | D        | Reached XP level 2. HP: 19/19 MP: 2/2
    10 | D        | Reached XP level 3. HP: 23/23 MP: 3/3
    16 | D        | Killed a scorpion
    17 | D        | Reached skill level 9 in Maces & Flails
    17 | D        | Reached XP level 4. HP: 28/28 MP: 4/4
    17 | D        | Reached XP level 5. HP: 32/32 MP: 5/5
    27 | D        | Reached ** piety under Trog
    28 | D        | Reached skill level 11 in Maces & Flails
    32 | D        | Reached skill level 12 in Maces & Flails
    32 | D        | Reached XP level 6. HP: 25/37 MP: 6/6
   140 | D        | Reached skill level 13 in Maces & Flails
   148 | D        | Reached *** piety under Trog
   149 | D        | Reached skill level 14 in Maces & Flails
   155 | D        | Slain by a necrophage

Illustrated notes

Levels and vault maps discovered:
D:        the_violet_keep_of_menkaure [sprint2_stairs_cluster_1,
          sprint2_shoproom, sprint2_temple, sprint2_basic_supplies,
          sprint2_obstacle_2, sprint2_obstacle_4, sprint2_obstacle_1,
          sprint2_obstacle_7, sprint2_obstacle_6, sprint2_timed_cluster_1,
          sprint2_smallroom_cluster_1, sprint2_smallroom_final_cluster_1,
          sprint2_transparent_cluster_1, sprint2_second_timed_cluster_1,
          sprint2_sniper_area_1, sprint2_heavy_combat_area_1,
          sprint2_mutation_trap_area_1, sprint2_forest_area_1,
          sprint2_light_combat_area_1, sprint2_behind_water_1,
          sprint2_near_end_vault_1]

Skill      XL: |  1  2  3  4  5  6 |
---------------+-------------------+-----
Maces & Flails | 8 9 12 14 | 14.3
Fighting       | |  3.2
Armour         | |  2.1
Dodging        | |  1.5

Action                   |  1- 3 |  4- 6 || total
-------------------------+-------+-------++-------
Melee: Mace              |    14 |    40 ||    54
Invok: Berserk           |     1 |       ||     1
  Use: Potion            |       |     2 ||     2
Armor: Animal skin       |     3 |    10 ||    13
Dodge: Dodged            |     5 |    13 ||    18

Table legend: (Time is in decaauts)
 A = Elapsed time spent in this place.
 B = Non-inter-level travel time spent in this place.
 C = Inter-level travel time spent in this place.
 D = Time resting spent in this place.
 E = Time spent auto-exploring this place.
 F = Levels seen in this place.
 G = Mean time per level.
                   A        B        C        D        E       F      G
               +--------+--------+--------+--------+--------+-----+--------+
         Total |    151 |    151 |      0 |     86 |      1 |   1 |  151.0 |
       Dungeon |    151 |    151 |      0 |     86 |      1 |   1 |  151.0 |
               +--------+--------+--------+--------+--------+-----+--------+

Top non-repeatable levels by time:
       D: 151 daAuts
